 Dungeon Crawl Stone Soup version 0.29-a0-495-g17b79114eb (webtiles) character file.

Game seed: 8589021622359760850

190 hquester the Skirmisher (level 5, -1/81 HPs)
             Began as a Troll Fighter on May 27, 2022.
             Killed by divine providence
             ... invoked by an orc priest
              (16 damage)
             ... on level 4 of the Dungeon.
             The game lasted 00:08:16 (2604 turns).

hquester the Skirmisher (Troll Fighter)             Turns: 2604, Time: 00:08:16

Health: -1/81      AC: 22    Str: 24    XL:     5   Next: 41%
Magic:  4/4        EV:  1    Int: 10    God:
Gold:   86         SH:  8    Dex: 11    Spells: 4/4 levels left

rFire   . . .      SeeInvis .   f - +0 mace
rCold   . . .      Faith    .   c - +0 kite shield
rNeg    . . .      Spirit   .   (body armour currently unavailable)
rPois   +          Reflect  .   (helmet currently unavailable)
rElec   .          Harm     .   (cloak currently unavailable)
rCorr   .          Rampage  .   (gloves unavailable)
Will    .....      NoTele   +   (boots unavailable)
Stlth   +.........              (no amulet)
HPRegen 1.03/turn               r - +6 ring of intelligence
MPRegen 0.09/turn               (no ring)

@: tree-form
A: stationary, stasis, torment immunity, boosted hp, large, unfitting armour,
(claws 3), regeneration 1, (shaggy fur 1), (tough skin 1)
a: no special abilities


You were on level 4 of the Dungeon.
You were a tree.
You visited 1 branch of the dungeon, and saw 4 of its levels.

You collected 86 gold pieces.

Inventory:

Hand Weapons
 a - a +0 flail
 f - a +0 mace (weapon)
 t - a +2 dagger of freezing
Armour
 b - a +0 robe (melded)
 c - a +0 kite shield (worn)
Jewellery
 r - a +6 ring of intelligence (left branch)
Wands
 p - a wand of iceblast (11)
Scrolls
 n - 2 scrolls of fog {unknown}
 o - a scroll of teleportation {unknown}
 q - 2 scrolls of fear {unknown}
 s - a scroll of brand weapon {unknown}
Potions
 d - a potion of might
 e - a potion of ambrosia
 g - 2 potions of curing
 h - 3 potions of brilliance
 i - a potion of flight
 j - 2 potions of cancellation
 l - a potion of mutation {unknown}


   Skills:
 * Level 3.6 Fighting
 + Level 2.7 Maces & Flails
 + Level 3.2 Dodging
 + Level 3.4 Shields


You had 4 spell levels left.
You didn't know any spells.
Your spell library was empty.

Dungeon Overview and Level Annotations

Branches:
Dungeon (4/15)
 Temple: D:4-7

Altars:

Shops:
D:1 *


Innate Abilities, Weirdness & Mutations

You are a tree.
Your roots penetrate the ground, keeping you stationary.
You cannot be teleported.
You are immune to unholy pain and torment.
Your maximum health is greatly increased.
Your equipment is partially melded.
You are too large for most types of armour.
((You have claws for hands.))
Your natural rate of healing is unusually fast.
((You are covered in fur. (AC +1)))
((You have tough skin. (AC +1)))


Message History

The orc priest hits you with a +0 trident!
The orc priest casts a cantrip, but nothing happens.
The orc priest begins to cast a cantrip, but forgets the words!
You block the orc priest's attack. The orc priest closely misses you.
You hit the orc priest but do no damage.
The orc priest hits you with a +0 trident.
You block the orc priest's attack.
You hit the orc priest but do no damage.
The orc priest mumbles some strange prayers to Beogh against you.
Beogh smites you!
The orc priest hits you with a +0 trident!
* * * LOW HITPOINT WARNING * * *
The orc priest barely misses you.
You hit the orc priest.
The orc priest is heavily wounded.
The orc priest hits you with a +0 trident.
* * * LOW HITPOINT WARNING * * *
You block the orc priest's attack.
You sock the orc priest!
You kill the orc priest!
The orc priest calls down the wrath of Beogh upon you.
Pain shoots through your body!
* * * LOW HITPOINT WARNING * * *
Really quaff the potion of lignification?
You turn into a tree.
Your +0 robe melds into your body.
Your roots penetrate the ground.
The orc hits you but does no damage. You block the orc priest's attack.
You barely miss the orc. The orc hits you but does no damage.
The orc priest hits you but does no damage. x2
The orc priest looks satisfied for a moment.
The orc hits you but does no damage.
You hit the orc priest.
The orc priest is moderately wounded.
The orc hits you but does no damage. You block the orc priest's attack.
You closely miss the orc priest.
The orc priest is moderately wounded.
You block the orc's attack.
The orc priest mumbles some strange prayers to Beogh against you.
Beogh smites you!
You die...

#..## ###...##......# ##
#......#......# ..####
##.............#
.....####.#.............
.....#....##.# #........
.............# #oo....
#.#..)<.#.#### #oo.#
..##..†#########♣#
.....##..#...#...##
#.................#
##....#.##.##....##
#...##.##........#
..#..##.##...........
......
###..................
#..... #..
..##........#...
.##.....
..#####....###...
........


You could see 3 orc priests and an orc.

Vanquished Creatures
  An orc priest (D:4)
  An iguana (D:4)
  4 adders
  4 worms
  5 dart slugs
  9 orcs
  7 ball pythons
  4 bats
  7 endoplasms
  2 giant cockroaches (D:1)
  5 goblins
  8 hobgoblins
  2 quokkas (D:1)
  6 frilled lizards
  5 kobolds
  2 rats
72 creatures vanquished.

Notes
Turn   | Place    | Note
-------+----------+-------------------------------------------
     0 | D:1      | hquester the Troll Fighter began the quest for the Orb.
     0 | D:1      | Reached XP level 1. HP: 22/22 MP: 0/0
   449 | D:1      | Reached XP level 2. HP: 29/29 MP: 1/1
   507 | D:1      | Found Ozusizen's General Store.
   582 | D:1      | Found a faded altar of an unknown god.
   767 | D:1      | Reached XP level 3. HP: 36/36 MP: 2/2
  1670 | D:2      | Reached XP level 4. HP: 27/45 MP: 3/3
  2511 | D:4      | Reached XP level 5. HP: 37/53 MP: 4/4
  2604 | D:4      | Killed from afar by an orc priest

Illustrated notes

Levels and vault maps discovered:
D:1:      onia_arrival_mini_maze_b, layout_basic, serial_shops,
          nicolae_shop_trees, ebering_ecumenical_altar_rust, minmay_heptomino_w4
D:2:      layout_rooms
D:3:      layout_rooms, serial_aquarium, aquarium_bridge_square
          [aquarium_subvault_wall, aquarium_subvault_bridge,
          aquarium_subvault_window, aquarium_subvault_bridge],
          aquarium_bridge_square [aquarium_subvault_bridge,
          aquarium_subvault_window, aquarium_subvault_wall,
          aquarium_subvault_bridge], aquarium_window_fake, aquarium_window_fake,
          aquarium_window_3, aquarium_view_2b, chequers_decorated_corner,
          nicolae_elevator_lobby_plus
D:4:      layout_cave_pools

Skill      XL: |  1  2  3  4 |
---------------+-------------+-----
Maces & Flails | 2 |  2.7
Shields        | 3 |  3.4
Fighting       | 3 |  3.6
Dodging        | 3 |  3.2

Action                   |  1- 3 |  4- 6 || total
-------------------------+-------+-------++-------
Melee: Flail             |    32 |       ||    32
       Mace              |   174 |   139 ||   313
  Use: Scroll            |       |     6 ||     6
       Potion            |       |     1 ||     1
Armor: Robe              |    87 |    32 ||   119
       Skin              |       |     6 ||     6
Dodge: Dodged            |    81 |    55 ||   136
Block: Kite shield       |    92 |    63 ||   155

Table legend: (Time is in decaauts)
 A = Elapsed time spent in this place.
 B = Non-inter-level travel time spent in this place.
 C = Inter-level travel time spent in this place.
 D = Time resting spent in this place.
 E = Time spent auto-exploring this place.
 F = Levels seen in this place.
 G = Mean time per level.
                   A        B        C        D        E       F      G
               +--------+--------+--------+--------+--------+-----+--------+
         Total |   2747 |   2656 |     91 |    117 |   1697 |   4 |  686.8 |
       Dungeon |   2747 |   2656 |     91 |    117 |   1697 |   4 |  686.8 |
               +--------+--------+--------+--------+--------+-----+--------+

Top non-repeatable levels by time:
     D:1: 1332 daAuts
     D:3: 737 daAuts
     D:2: 510 daAuts
     D:4: 166 daAuts
